 Dungeon Crawl Stone Soup version 0.30-a0-986-g7f2e898f52 (console) character file.

Game seed: 5987425521695821377

86478 jejorda2 the Phalangite (level 15, -10/211 HPs)
             Began as a Merfolk Berserker on Apr 1, 2023.
             Was the Champion of Trog.
             Mangled by a titanic slime creature (19 damage)
             ... on level 13 of the Dungeon.
             The game lasted 00:49:41 (18320 turns).

jejorda2 the Phalangite (Merfolk Berserker)        Turns: 18320, Time: 00:49:41

Health: -10/211    AC: 29    Str: 28    XL:     15   Next: 87%
Magic:  15/15      EV:  8    Int: 11    God:    Trog [******]
Gold:   432        SH:  0    Dex: 14    Spells: 14/14 levels left

rFire   + . .      SeeInvis .    b - +7 bardiche {heavy, rPois rN+ Str+4 Int-4 Stlth+}
rCold   . . .      Faith    .    (shield currently unavailable)
rNeg    + . .      Spirit   .    S - +5 plate armour "Ynehura" {Int+3}
rPois   +          Reflect  .    r - +2 helmet
rElec   .          Rampage  .    M - +0 cloak
rCorr   .                        Z - +0 pair of gloves {hurl}
Will    +++..                    R - +1 pair of boots of Gulinu {*Corrode Will++ Int+5} Stlth
                                 N - amulet of regeneration
HPRegen 1.35/turn                i - ring of protection from fire
MPRegen 0.14/turn                Y - +4 ring of protection

@: berserking, very quick
A: (nimble swimmer 2), mertail
a: Renounce Religion, Berserk, Trog's Hand, Brothers in Arms


You were on level 13 of the Dungeon.
You worshipped Trog.
Trog was exalted by your worship.
You visited 2 branches of the dungeon, and saw 18 of its levels.
You also visited: Bailey and Volcano.

You collected 1311 gold pieces.
You spent 879 gold pieces at shops.

Inventory:

Hand Weapons
 a - a +3 glaive of flaming
 b - the +7 bardiche of Pyromania (weapon) {heavy, rPois rN+ Str+4 Int-4 Stlth+}
   (Trog gifted it to you on level 4 of the Lair of Beasts)

   Str:       It affects your strength (+4).
   Int:       It affects your intelligence (-4).
   rPois:     It protects you from poison.
   rN:        It protects you from negative energy.
   Stlth:     It makes you more stealthy.
Missiles
 c - 145 stones (quivered)
 h - 2 silver boomerangs
 q - 13 poisoned darts
 t - 4 curare-tipped darts
 u - 2 throwing nets
 w - 3 boomerangs
 B - 2 datura-tipped darts
 T - 7 javelins
Armour
 r - a +2 helmet (worn)
 M - a +0 cloak (worn)
 R - the +1 pair of boots of Gulinu (worn) {*Corrode Will++ Int+5}
   (You found it on level 3 of the Lair of Beasts)

   Int:       It affects your intelligence (+5).
   *Corrode:  It may corrode you when you take damage.
   Will:      It greatly increases your willpower.
 S - the +5 plate armour "Ynehura" (worn) {Int+3}
   (You bought it in a shop on level 7 of the Dungeon)

   Int:       It affects your intelligence (+3).
 Z - a +0 pair of gloves of hurling (worn)
Jewellery
 i - a ring of protection from fire (left hand)
 y - a ring of ice
 A - a ring of resist corrosion
 I - a ring of ice
 N - an amulet of regeneration (around neck)
 P - a ring of flight
 Y - a +4 ring of protection (right hand)
Wands
 m - a wand of digging (5)
 p - a wand of mindburst (14)
 s - a wand of roots (17)
 G - a wand of light (32)
 L - a wand of flame (18)
Scrolls
 d - 5 scrolls of blinking
 e - 3 scrolls of magic mapping
 f - 2 scrolls of vulnerability
 v - a scroll of silence
 x - a scroll of fog
 H - a scroll of poison
 K - 2 scrolls of immolation
 Q - 4 scrolls of teleportation
 U - a scroll of fear
Potions
 g - 3 potions of attraction
 j - 2 potions of flight
 k - 2 potions of lignification
 l - 4 potions of resistance
 n - 8 potions of heal wounds
 o - 7 potions of curing
 z - 3 potions of mutation
 C - 5 potions of haste
 D - 3 potions of invisibility
 E - 2 potions of might
 F - 3 potions of ambrosia
 J - 2 potions of cancellation
Miscellaneous
 V - a lightning rod (4/4)
 W - a phial of floods


   Skills:
 - Level 19.9 Fighting
 + Level 21.5 Polearms
 - Level 11.6 Throwing
 - Level 6.1 Armour
 - Level 2.6 Dodging
 + Level 7.2 Evocations


You had 14 spell levels left.
You didn't know any spells.
Your spell library was empty.

Dungeon Overview and Level Annotations

Branches:
Dungeon (13/15)            Temple (0/1) D:6            Lair (5/5) D:10
  Swamp (0/4) Lair:2       Spider (0/4) Lair:3        Slime (0/5) Lair:4
    Orc (0/2) D:12         Bailey (visited)         Volcano (visited)
 Vaults: D:13-14

Altars:
Ashenzari
Makhleb
Okawaru
Qazlal
Trog
Xom
Yredelemnul
The Shining One
Jiyva

Shops:
D:1 =   D:7 [   D:8 ?


Innate Abilities, Weirdness & Mutations

((You are very nimble when in or above water. (Stealth+, EV+, Speed+++)))
Your lower body shifts to a powerful aquatic tail in water.


Message History

Reactivating autopickup.
You feel a bit more experienced.
The centaur shoots an arrow.
The arrow hits you but does no damage.
Unknown command.
Reach: b) +7 bardiche {heavy, rPois rN+ Str+4 Int-4 Stlth+}
Press: ? - help, Dir - move target, f - centaur
Aim: a centaur, wielding a +0 shortbow (about 19% to evade the +7 bardiche of Pyromania)
You reach to attack!
You slice the centaur!!
You kill the centaur!
Trog accepts your kill.
Unknown command.
Unknown command.
A red film seems to cover your vision as you go berserk!
You feel yourself moving faster!
You feel mighty!
You cut the titanic slime creature into ribbons!!!
The titanic slime creature is lightly wounded.
The titanic slime creature hits you!!
You slice the titanic slime creature!!
The titanic slime creature is moderately wounded.
The titanic slime creature closely misses you.
The deep elf pyromancer mumbles some strange words.
The deep elf pyromancer blinks!
You slash the titanic slime creature!
The titanic slime creature is moderately wounded.
The titanic slime creature barely misses you.
You slice the titanic slime creature!!
The titanic slime creature is moderately wounded.
The titanic slime creature hits you!!!!
You hear an angry growl.
You slice the titanic slime creature!!
The titanic slime creature is moderately wounded.
You cut the titanic slime creature into ribbons!!!
The titanic slime creature is heavily wounded.
The titanic slime creature hits you!!!
* * * LOW HITPOINT WARNING * * *
A polar bear comes into view.
You open the titanic slime creature like a pillowcase!!!!
The titanic slime creature is almost dead.
The titanic slime creature hits you!!
You die...

##..#)#.... #..##.##..###
#.....###..#!.$#....#
#.....##..###.###..#
.##......#.....e.....#
........##...CJce..#
#.......#.###e###.
......###.#J#.##
######.....#.##@##.#..
.......)...##..†..##..#
....##^..#..#..)..#...
.<..........##...##..
............#!..#..#
.............##†##..#
..............#.#...#
...>..........#h#.#.####..
..>.........<..............


You could see a titanic slime creature, a slime creature, a cyclops, a polar
bear, 3 deep elf pyromancers and a centaur.

Vanquished Creatures
  10 hydras
  A boulder beetle (D:13)
  2 centaur warriors (D:13)
  3 two-headed ogres
  2 catoblepae
  Urug (D:12)
  3 death yaks (Lair:5)
  The ghost of jasper the Covert, a novice NaWn of Okawaru (D:7)
  A skyshark (Lair:5)
  A fire crab (shapeshifter) (D:13)
  8 deep elf pyromancers
  2 wizards
  Pikel (D:8)
  A lindwurm (Lair:1)
  3 manticores
  A deep elf zephyrmancer (D:13)
  Maurice (D:8)
  A cyclops (D:13)
  A moth of wrath (Lair:3)
  16 elephants
  6 black mambas
  2 gargoyles
  A torpor snail (Lair:5)
  14 cane toads
  6 rime drakes
  Psyche (D:8)
  An anaconda simulacrum (Lair:4)
  17 komodo dragons
  3 polar bears
  A wolf spider simulacrum (Lair:4)
  A hornet (D:9)
  7 trolls
  23 blink frogs
  13 dream sheep
  A slime creature (D:13)
  A shadow (D:12)
  A wraith (D:11)
  A fire bat (shapeshifter) (D:13)
  4 fire elementals (Volcano)
  2 vampires
  4 basilisks
  2 water elementals (D:11)
  A human (D:8)
  3 wyverns
  35 yaks
  5 steam dragons
  3 vampire mosquitoes
  2 redbacks (Lair:3)
  7 hell hounds (Volcano)
  15 water moccasins
  5 orc warriors
  An ice beast (D:6)
  3 ogres
  5 black bears
  24 wolves
  2 centaurs
  2 phantoms
  2 kobold brigands (D:9)
  8 bullfrogs
  A cane toad simulacrum (Lair:4)
  3 gnoll sergeants
  A scorpion (D:7)
  8 wights
  10 killer bees
  8 electric eels
  5 howler monkeys
  9 vampire bats
  A crimson imp (D:6)
  7 wolf zombies (Bailey)
  10 hounds
  A human zombie (D:8)
  7 jellies
  16 orc priests
  5 gnoll boudas
  A sleepcap (D:5)
  3 iguanas
  14 orc wizards
  Terence (D:2)
  A basilisk simulacrum (Lair:4)
  37 gnolls
  5 adders
  20 orc zombies (Bailey)
  A white imp (D:5)
  3 ufetubi
  4 worms
  2 dart slugs
  43 orcs
  9 endoplasms
  4 giant cockroaches
  19 goblins
  4 hobgoblins
  17 jackals
  13 kobolds
  6 quokkas
  6 ball pythons
  8 bats
  2 frilled lizards
  8 rats
618 creatures vanquished.

Vanquished Creatures (collateral kills)
  The ghost of math4jedi the Spear-Bearer, a journeyman MiBe of Trog (Lair:3)
  A catoblepas (Lair:3)
  A deep elf archer (Volcano)
  A moth of wrath (Lair:3)
4 creatures vanquished.

Vanquished Creatures (others)
  A centaur (D:13)
  13 fungi
  22 plants
  8 toadstools (Lair:1)
44 creatures vanquished.

Grand Total: 666 creatures vanquished

Notes
Turn   | Place    | Note
-------+----------+-------------------------------------------
     0 | D:1      | jejorda2 the Merfolk Berserker began the quest for the Orb.
     0 | D:1      | Reached XP level 1. HP: 18/18 MP: 1/1
   167 | D:1      | Reached XP level 2. HP: 24/24 MP: 2/2
   211 | D:1      | Found a faded altar of an unknown god.
   352 | D:1      | Reached skill level 5 in Polearms
   396 | D:1      | Reached XP level 3. HP: 30/30 MP: 3/3
   567 | D:1      | Found Hiquascheth's Jewellery Boutique.
   988 | D:2      | Reached ** piety under Trog
   998 | D:2      | Noticed Terence
  1003 | D:2      | Killed Terence
  1004 | D:2      | Reached XP level 4. HP: 37/37 MP: 4/4
  1074 | D:2      | Reached skill level 6 in Polearms
  1729 | D:3      | Reached XP level 5. HP: 27/42 MP: 5/5
  2127 | D:3      | Reached skill level 7 in Polearms
  2127 | D:3      | Reached XP level 6. HP: 46/49 MP: 6/6
  2328 | D:3      | Reached *** piety under Trog
  2416 | D:3      | Reached skill level 5 in Fighting
  2544 | D:3      | Reached XP level 7. HP: 56/56 MP: 7/7
  2553 | D:3      | Reached skill level 8 in Polearms
  3186 | D:4      | Reached **** piety under Trog
  3554 | D:5      | Entered Level 5 of the Dungeon
  3562 | D:5      | Reached skill level 9 in Polearms
  3576 | D:5      | Reached XP level 8. HP: 52/64 MP: 8/8
  4203 | D:5      | Reached skill level 10 in Polearms
  4315 | D:5      | Found a bloodstained altar of Trog.
  4347 | D:5      | Found a stormy altar of Qazlal.
  4640 | D:6      | Reached skill level 11 in Polearms
  4640 | D:6      | Reached XP level 9. HP: 37/72 MP: 9/9
  4831 | D:6      | Reached skill level 1 in Throwing
  4902 | D:6      | Found a staircase to the Ecumenical Temple.
  5379 | D:6      | Found a shimmering altar of Xom.
  5379 | D:6      | Found a burning altar of Makhleb.
  5381 | D:6      | Reached skill level 12 in Polearms
  5874 | D:7      | Found a broken altar of Ashenzari.
  6309 | D:7      | Reached skill level 5 in Armour
  6350 | D:7      | Found Zuris's Antique Armour Shoppe.
  6516 | D:7      | Reached ***** piety under Trog
  6612 | D:7      | You fall into a shaft and drop 1 floor!
  6616 | D:8      | Found a flagged portal.
  6622 | D:8      | Reached skill level 13 in Polearms
  6654 | Bailey   | Entered a bailey
  6852 | Bailey   | Noticed a gargoyle
  6860 | Bailey   | Killed a gargoyle
  6861 | Bailey   | Reached XP level 10. HP: 75/79 MP: 7/10
  7277 | D:8      | Reached skill level 14 in Polearms
  7417 | D:7      | Found a runed translucent door.
  7419 | D:7      | Noticed jasper's ghost (novice NaWn)
  7419 | D:7      | Noticed a wizard
  7535 | D:7      | Identified the +3 long sword of the Distant Future
                  | {protect, rElec rCorr}
  7572 | D:7      | Killed jasper's ghost
  7577 | D:7      | Killed a wizard
  7578 | D:7      | Reached skill level 5 in Throwing
  7677 | D:8      | Noticed a two-headed ogre
  7708 | D:8      | Killed a two-headed ogre
  7714 | D:8      | Reached skill level 15 in Polearms
  7907 | D:8      | Reached skill level 10 in Throwing
  7907 | D:8      | Reached XP level 11. HP: 84/84 MP: 11/11
  7908 | D:8      | Reached XP level 12. HP: 100/100 MP: 12/12
  8019 | D:8      | Noticed Pikel
  8039 | D:8      | Killed Pikel
  8214 | D:8      | Found The Oracle's Delphic Readings.
  8218 | D:8      | Bought a scroll of silence for 123 gold pieces
  8267 | D:8      | Noticed Psyche
  8271 | D:8      | Killed Psyche
  8324 | D:8      | Found a runed translucent door.
  8326 | D:8      | Noticed Maurice
  8329 | D:8      | Found a basalt altar of Yredelemnul.
  8342 | D:8      | Killed Maurice
  8343 | D:8      | Reached XP level 13. HP: 100/107 MP: 10/13
  8729 | D:9      | Identified the +5 halberd of Pilacsot {flame, rF+ Str+3
                  | Stlth+} (Trog gifted it to you on level 9 of the Dungeon)
  8729 | D:9      | Received a gift from Trog
  9673 | D:10     | Entered Level 10 of the Dungeon
  9789 | D:10     | Found an iron altar of Okawaru.
  9940 | D:10     | Found a staircase to the Lair.
 10016 | D:10     | Reached skill level 16 in Polearms
 10070 | D:10     | Found a glowing golden altar of the Shining One.
 10295 | D:11     | Reached skill level 1 in Evocations
 10479 | D:11     | Identified a scroll of acquirement
 10479 | D:11     | Acquired a manual of Fighting
 10823 | D:11     | Identified the +10 war axe of Profit {freeze, Dex+2}
 11384 | D:12     | Found a staircase to the Orcish Mines.
 11385 | D:12     | Identified the +6 trident of Dissolution {freeze, Str+4}
 11477 | D:12     | Received a gift from Trog
 11635 | D:12     | Noticed Urug
 11641 | D:12     | Killed Urug
 11939 | Lair:1   | Entered Level 1 of the Lair of Beasts
 11943 | Lair:1   | Identified the +5 mace "Kusyhe" {heavy, rElec rCorr Int+8}
 12143 | Lair:1   | Reached skill level 17 in Polearms
 12425 | Lair:1   | Reached skill level 5 in Evocations
 12511 | Lair:1   | Found a runed translucent door.
 12865 | Lair:1   | Reached XP level 14. HP: 121/121 MP: 14/14
 12976 | Lair:1   | Identified the staff of fire "Xesel" {rF+ MP+9 Dex+4}
 13313 | Lair:2   | Reached skill level 15 in Fighting
 13374 | Lair:2   | Reached ****** piety under Trog
 13398 | Lair:2   | Reached skill level 18 in Polearms
 13527 | Lair:2   | Found a staircase to the Swamp.
 13685 | Lair:2   | Received a gift from Trog
 14061 | D:7      | Bought a smouldering plate armour for 756 gold pieces
 14061 | D:7      | Identified the +5 plate armour "Ynehura" {Int+3} (You
                  | bought it in a shop on level 7 of the Dungeon)
 14250 | Lair:3   | Found a transporter.
 14272 | Lair:3   | Found a dark tunnel.
 14281 | Volcano  | Entered a volcano
 14684 | Lair:3   | Reached skill level 19 in Polearms
 14933 | Lair:3   | Found a hole to the Spider Nest.
 15126 | Lair:3   | Noticed math4jedi's ghost (journeyman MiBe)
 15151 | Lair:3   | Found a transporter.
 15467 | Lair:3   | Killed math4jedi's ghost
 15469 | Lair:3   | Identified the +1 pair of boots of Gulinu {*Corrode Will++
                  | Int+5}
 15575 | Lair:4   | Found a transporter.
 15661 | Lair:4   | Reached skill level 20 in Polearms
 15679 | Lair:4   | Found a transporter.
 15886 | Lair:4   | Identified the +7 bardiche of Pyromania {heavy, rPois rN+
                  | Str+4 Int-4 Stlth+} (Trog gifted it to you on level 4 of
                  | the Lair of Beasts)
 15886 | Lair:4   | Received a gift from Trog
 15935 | Lair:4   | Found a staircase to the Slime Pits.
 16005 | Lair:4   | Found a viscous altar of Jiyva.
 16575 | Lair:4   | Reached XP level 15. HP: 94/136 MP: 15/15
 16673 | Lair:5   | Entered Level 5 of the Lair of Beasts
 17646 | Lair:5   | Reached skill level 21 in Polearms
 17668 | Lair:5   | Received a gift from Trog
 17841 | Lair:5   | Identified the +0 leather armour of Omission {rN+}
 18231 | D:13     | Identified the +11 great sword of Hufyot {flame, rF+ Dex+6}
 18319 | D:13     | HP: 8/211 [titanic slime creature (66)]
 18320 | D:13     | Mangled by a titanic slime creature

Illustrated notes

Levels and vault maps discovered:
D:1:      elethiomel_arrival_infinity_welcomes_careful_drivers,
          layout_loops_ring, shapermc_ecumenical_altar_totnotflames,
          serial_shops, nicolae_shop_window_shopping, serial_park_tiny_pond
D:2:      layout_basic, uniq_terence
D:3:      lemuel_castle_with_subvaults [lemuel_castle_interior_carwin_2],
          layout_loops_ring
D:4:      layout_rooms
D:5:      layout_loops_ring, trog_hazing_becter,
          nicolae_qazlal_eye_of_the_storm, chequers_serial_rivers_small_3
D:6:      layout_cave_pods, grunt_temple_overflow_champion_of_chaos,
          minmay_temple_entry_proselytizer, wad_woods_river_04,
          minmay_misc_feat_columns
D:7:      layout_loops_corners, evilmike_ruin_ashenzari, serial_shops, shop,
          ebering_ghost_inner_flame
D:8:      layout_loops_ring, dk_yredelemnul_ordeal, enter_bailey_5,
          nicolae_nh_oracle_at_delphi, uniq_pikel, uniq_psyche, uniq_maurice
D:9:      layout_stronghold, feat_on_display
D:10:     layout_basic, kennysheep_okawaru_gauntlet, tso_metal_star,
          erik_lair_island, nicolae_elevator_lobby_asterisk
D:11:     layout_basic, minmay_starry_boxes
D:12:     layout_loops_ring, david_orc_3, uniq_urug
D:13:     minmay_the_grid_triangle_9x9_recursive_2_mashed
          [minmay_the_grid_triangle_9x9_prize_top_heavy,
          minmay_the_grid_triangle_9x9_cache,
          minmay_the_grid_triangle_9x9_semitri,
          minmay_the_grid_triangle_9x9_warning], layout_rooms, uniq_sonja
Lair:1:   gammafunk_lair_enchanted_lake, layout_regular_city,
          beast_lair_carwin_4
Lair:2:   layout_roguey, swamp_mist
Lair:3:   layout_roguey, spider_nest_entry_webs, enter_volcano_1,
          gammafunk_ghost_berserking_beasts, beast_lair_carwin_8
Lair:4:   gammafunk_cloud_chamber, layout_cave_pods,
          nicolae_slime_entry_field_trip
Lair:5:   hangedman_lair_in_review, layout_regular_city, roderic_batcave

Skill      XL: |  1  2  3  4  5  6  7  8  9 10 11 12 13 14 15 |
---------------+----------------------------------------------+-----
Polearms       | 5 6 7 9 11 13 15 17 20 21 | 21.5
Fighting       | 4 5 7 11 14 18 19 | 19.9
Armour         | 2 3 4 5 6 |  6.1
Throwing       | 4 10 11 | 11.6
Evocations     | 5 6 7 |  7.2
Dodging        | |  2.6

Action                     |  1- 3 |  4- 6 |  7- 9 | 10-12 | 13-15 || total
---------------------------+-------+-------+-------+-------+-------++-------
  Melee: Spear             |    84 |   105 |       |       |       ||   189
         Halberd           |       |    94 |   401 |   220 |   478 ||  1193
         Tailslap          |       |     2 |     2 |       |     2 ||     6
         Glaive            |       |       |       |       |   582 ||   582
         Bardiche          |       |       |       |       |    16 ||    16
  Throw: Stone             |       |    15 |     9 |       |    29 ||    53
         Dart              |       |       |       |       |     5 ||     5
         Boomerang         |       |       |       |       |     3 ||     3
 Invoke: Trog's Hand       |     1 |       |     3 |     3 |     1 ||     8
         Berserk           |     1 |       |     3 |     3 |     9 ||    16
         Brothers in Arms  |       |       |       |       |     2 ||     2
  Evoke: Wand              |       |       |       |       |     2 ||     2
    Use: Scroll            |       |       |    19 |     2 |    13 ||    34
         Potion            |       |       |       |     2 |     1 ||     3
   Stab: Sleeping          |     5 |       |       |       |       ||     5
         Distracted        |       |       |       |       |     1 ||     1
 Armour: Animal skin       |     3 |       |       |       |       ||     3
         Chain mail        |     3 |    58 |   152 |   111 |   135 ||   459
         Plate armour      |       |       |       |       |   279 ||   279
  Dodge: Dodged            |    30 |    65 |   148 |    66 |   259 ||   568

Table legend: (Time is in decaauts)
 A = Elapsed time spent in this place.
 B = Non-inter-level travel time spent in this place.
 C = Inter-level travel time spent in this place.
 D = Time resting spent in this place.
 E = Time spent auto-exploring this place.
 F = Levels seen in this place.
 G = Mean time per level.
                   A        B        C        D        E       F      G
               +--------+--------+--------+--------+--------+-----+--------+
         Total |  17867 |  16731 |   1136 |   1469 |  11715 |  20 |  893.3 |
       Dungeon |  11489 |  10818 |    671 |    824 |   7859 |  13 |  883.8 |
          Lair |   5450 |   4985 |    465 |    467 |   3497 |   5 | 1090.0 |
        Bailey |    561 |    561 |      0 |     13 |    327 |   1 |  561.0 |
       Volcano |    366 |    366 |      0 |    165 |     31 |   1 |  366.0 |
               +--------+--------+--------+--------+--------+-----+--------+

Top non-repeatable levels by time:
     D:3: 1523 daAuts
     D:6: 1415 daAuts
  Lair:5: 1307 daAuts
     D:7: 1231 daAuts
  Lair:4: 1128 daAuts
     D:8: 1109 daAuts
  Lair:1: 1109 daAuts
     D:9: 1007 daAuts
  Lair:3: 979 daAuts
  Lair:2: 925 daAuts
    D:11: 905 daAuts
     D:1: 838 daAuts
     D:5: 761 daAuts
    D:12: 714 daAuts
    D:10: 682 daAuts
